 Dungeon Crawl Stone Soup version 0.24.0-123-gd5b16e6ec5 (webtiles) character file.

Game seed: 3155013121824336597, levelgen mode: deterministic

16001 Bergy the Bludgeoner (level 12, -5/70 HPs)
             Began as a Gargoyle Fighter on Dec 25, 2019.
             Was a Believer of Makhleb.
             Slain by an entropy weaver (7 damage)
             ... on level 3 of the Lair of Beasts.
             The game lasted 00:39:40 (12864 turns).

Bergy the Bludgeoner (Gargoyle Fighter)            Turns: 12864, Time: 00:39:41

Health: -5/70      AC: 25    Str: 28    XL:     12   Next: 32%
Magic:  12/12      EV:  6    Int: 11    God:    Makhleb [**....]
Gold:   837        SH: 16    Dex:  9    Spells: 11/11 levels left

rFire    . . .     SeeInvis +   k - +5 morningstar
rCold    . . .     Gourm    .   c - +0 shield
rNeg     + . .     Faith    .   n - +0 plate armour
rPois    ∞         Spirit   .   L - +2 hat
rElec    +         Reflect  +   (no cloak)
rCorr    +         Harm     .   j - +1 pair of gloves
MR       .....                  (no boots)
Stlth    ..........             x - +4 amulet of reflection
HPRegen  0.21/turn              b - ring of resist corrosion
MPRegen  0.13/turn              z - ring of see invisible

@: mighty
A: negative energy resistance 1, electricity resistance, unbreathing,
petrification resistance, rot immunity, AC +8
a: Minor Destruction, Renounce Religion


You were on level 3 of the Lair of Beasts.
You worshipped Makhleb.
Makhleb was pleased with you.
You were not hungry.

You visited 3 branches of the dungeon, and saw 14 of its levels.
You visited the Abyss 1 time.
You also visited: Ossuary.

You collected 837 gold pieces.

Inventory:

Hand Weapons
 k - a +5 morningstar (weapon)
 s - a +2 flail of venom
Armour
 c - a +0 shield (worn)
 j - a +1 pair of gloves (worn)
 n - a +0 plate armour (worn)
 L - a +2 hat (worn)
Jewellery
 b - a ring of resist corrosion (left hand)
 x - a +4 amulet of reflection (around neck)
 z - a ring of see invisible (right hand)
 K - an uncursed ring of protection from cold
Wands
 g - a wand of polymorph (14)
 v - a wand of flame (42)
 E - a wand of disintegration (22)
 I - a wand of iceblast (7)
 O - a wand of random effects (22)
Scrolls
 a - 4 scrolls of teleportation
 i - 4 scrolls of identify
 l - 5 scrolls of amnesia
 m - 6 scrolls of immolation
 o - 4 scrolls of remove curse
 p - 4 scrolls of enchant armour
 q - 4 scrolls of enchant weapon
 r - a scroll of silence {unknown}
 w - 2 scrolls of fear {unknown}
 y - 3 scrolls of magic mapping
 B - 2 scrolls of fog {unknown}
 D - a scroll of torment {unknown}
 F - a scroll of random uselessness {unknown}
 H - 2 scrolls of blinking
 M - a scroll of vulnerability {unknown}
Potions
 h - 2 potions of brilliance {unknown}
 t - 10 potions of curing
 u - a potion of lignification {unknown}
 A - a potion of magic {unknown}
 C - 2 potions of cancellation {unknown}
 G - a potion of haste {unknown}
 J - a potion of invisibility {unknown}
 N - a potion of ambrosia {unknown}
Comestibles
 f - 32 rations


   Skills:
 + Level 6.2 Fighting
 - Level 16.0 Maces & Flails
 + Level 6.3 Armour
 * Level 9.1 Shields


You had 11 spell levels left.
You didn't know any spells.
Your spell library contained the following spells:

 Spells                   Type           Power        Failure   Level  Hunger
 Freeze                   Ice            #...         100%        1    ##.....
 Summon Small Mammal      Summ           #...         100%        1    ##.....
 Call Imp                 Summ           #.......     100%        2    ###....
 Throw Frost              Conj/Ice       #.....       100%        2    ###....
 Call Canine Familiar     Summ           #.......     100%        3    ####...
 Ozocubu's Armour         Chrm/Ice       #.......     100%        3    ####...
 Summon Guardian Golem    Hex/Summ       #.......     100%        3    ####...
 Cause Fear               Hex            #.........   100%        4    #####..
 Summon Ice Beast         Ice/Summ       #.......     100%        4    #####..
 Summon Lightning Spire   Summ/Air       #.......     100%        4    #####..
 Throw Icicle             Conj/Ice       #.......     100%        4    #####..
 Silence                  Hex/Air        #.........   100%        5    ######.
 Yara's Violent Unravell  Hex/Tmut       #.........   100%        5    ######.
 Deflect Missiles         Chrm/Air       #.........   100%        6    #######
 Discord                  Hex            #.........   100%        8    #######


Dungeon Overview and Level Annotations

Branches:
Dungeon (10/15)            Temple (1/1) D:7            Lair (3/6) D:8
  Swamp (0/4) Lair:2          Orc (0/2) D:9         Ossuary (visited)
  Snake: Lair:2-4    Spider: Lair:2-4

Altars:
Ashenzari
Cheibriados
Dithmenos
Elyvilon
Fedhas
Gozag
Hepliaklqana
Kikubaaqudgha
Makhleb
Nemelex Xobeh
Okawaru
Qazlal
Ru
Sif Muna
Trog
Uskayaw
Vehumet
Wu Jian
Xom
Yredelemnul
Zin
The Shining One

Shops:
D:10 %

Annotations:
Lair:3 Nefuv's ghost, journeyman MiBe; Peloso's ghost, journeyman MiFi


Innate Abilities, Weirdness & Mutations

You are resistant to torment.
Your stone body is resilient. (AC +8)
You are immune to poison.
You resist negative energy. (rN+)
You are resistant to electric shocks. (rElec)
You can survive without breathing.
You are immune to petrification.
You are immune to rotting.


Message History

An apocalypse crab comes into view.
Found six items.
You feel very mighty all of a sudden. The entropy weaver hits you.
* * * LOW HITPOINT WARNING * * *
The entropy weaver hits you but does no damage. x2
You block the entropy weaver's attack. The apocalypse crab closely misses you.
The apocalypse crab claws you but does no damage.
You feel better.
The entropy weaver hits you but does no damage.
You block the entropy weaver's attack. The entropy weaver barely misses you.
You block the entropy weaver's attack. The apocalypse crab bites you.
The apocalypse crab freezes you!!
* * * LOW HITPOINT WARNING * * *
The apocalypse crab claws you but does no damage.
The entropy weaver hits you!
* * * LOW HITPOINT WARNING * * *
The entropy weaver hits you but does no damage. x2
The entropy weaver hits you!
You die...

......#....P.........##.#.#......
........... .................#)..
.......... .........#...##...
........## ##########...#....
.........# #......#. ...#....##
#........ .††......# #...##.P.
....†....# ######## #...##.P.
........## #.a@t[)# #...##.P.
...#....# #!###### #......P.
...#....P# # #......^P ...#....##
#...##... ...#....# #...##.P.
.........# ##### #.#.#..#.
.P.......P ......#...##.#.
.............#.P. .##.....##.#.
.#.#.............#...............


You could see an entropy weaver and an apocalypse crab.

Vanquished Creatures
  The ghost of Xiemaice the Destroyer, a journeyman DrFE of Vehumet (Lair:3)
  A hydra (Lair:3)
  4 komodo dragons (Lair:3)
  A rime drake (Lair:2)
  A queen bee (D:9)
  3 blink frogs (Lair:3)
  3 hippogriffs
  Sigmund (D:3)
  A wraith (Ossuary)
  19 yaks
  4 basilisks
  4 vampire mosquitoes (Lair:2)
  6 water moccasins
  8 porcupines
  Duvessa (D:7)
  2 orc warriors
  2 phantoms
  4 sky beasts
  3 ice beasts
  3 ogres
  A centaur (D:5)
  10 crocodiles
  A big kobold (D:7)
  9 bullfrogs
  Dowan (D:7)
  3 scorpions
  5 wights (D:8)
  15 killer bees (D:9)
  2 electric eels (Lair:2)
  4 howler monkeys
  3 centaur zombies
  2 crimson imps
  4 jellies
  12 orc wizards
  A bullfrog zombie (D:4)
  3 orc priests
  A centaur skeleton (D:8)
  5 hounds
  Ijyb (D:3)
  3 iguanas
  Terence (D:3)
  8 worker ants
  A killer bee zombie (D:9)
  A mummy (Ossuary)
  A worker ant zombie (D:8)
  7 gnolls
  A howler monkey skeleton (D:7)
  8 adders
  An adder zombie (D:6)
  4 worms
  An adder skeleton (D:9)
  2 dart slugs (D:1)
  6 leopard geckos
  51 orcs
  5 giant cockroaches
  9 goblins
  10 hobgoblins
  13 jackals
  9 quokkas
  3 ball pythons
  6 bats
  9 frilled lizards
  8 gnoll skeletons (Ossuary)
  A goblin zombie (D:7)
  A jackal skeleton (D:4)
  8 kobolds
  8 kobold skeletons (Ossuary)
  9 orc skeletons (Ossuary)
  4 rats (D:1)
354 creatures vanquished.

Vanquished Creatures (others)
  2 centaurs
  An adder (D:3)
  An orc (D:7)
  A fungus (Lair:2)
  A plant (Lair:2)
6 creatures vanquished.

Grand Total: 360 creatures vanquished

Notes
Turn   | Place    | Note
-------+----------+-------------------------------------------
     0 | D:1      | Bergy the Gargoyle Fighter began the quest for the Orb.
     0 | D:1      | Reached XP level 1. HP: 14/14 MP: 1/1
    49 | D:1      | Reached XP level 2. HP: 19/19 MP: 2/2
   144 | D:1      | Reached skill level 3 in Maces & Flails
   372 | D:1      | Reached XP level 3. HP: 23/23 MP: 3/3
  1268 | D:2      | Reached skill level 4 in Maces & Flails
  1269 | D:2      | Reached XP level 4. HP: 17/28 MP: 4/4
  2007 | D:3      | Noticed Ijyb
  2037 | D:3      | Killed Ijyb
  2221 | D:3      | Noticed Sigmund
  2248 | D:3      | Killed Sigmund
  2248 | D:3      | Reached skill level 6 in Maces & Flails
  2248 | D:3      | Reached XP level 5. HP: 14/32 MP: 5/5
  2248 | D:3      | Reached XP level 6. HP: 16/37 MP: 6/6
  2433 | D:3      | Noticed Terence
  2438 | D:3      | Killed Terence
  2829 | D:3      | Found an iron altar of Okawaru.
  3201 | D:4      | Reached skill level 7 in Maces & Flails
  3339 | D:4      | Reached XP level 7. HP: 34/41 MP: 7/7
  3684 | D:4      | Reached skill level 8 in Maces & Flails
  4073 | D:5      | Entered Level 5 of the Dungeon
  4084 | D:5      | Reached skill level 9 in Maces & Flails
  4084 | D:5      | Reached XP level 8. HP: 40/46 MP: 8/8
  4233 | D:5      | Found a shimmering blue altar of Sif Muna.
  4301 | D:5      | Found an opulent altar of Gozag.
  4304 | D:5      | Found a hide-covered altar of Uskayaw.
  4307 | D:5      | Found a snail-covered altar of Cheibriados.
  4736 | D:6      | Reached skill level 10 in Maces & Flails
  5268 | D:6      | Reached skill level 11 in Maces & Flails
  5442 | D:7      | Reached XP level 9. HP: 49/51 MP: 9/9
  5450 | D:7      | Found a sand-covered staircase.
  5467 | Ossuary  | Entered an ossuary
  5688 | D:7      | Found a hazy altar of Hepliaklqana.
  5939 | D:7      | Reached skill level 12 in Maces & Flails
  6071 | D:7      | Found a staircase to the Ecumenical Temple.
  6078 | D:7      | Noticed Dowan
  6079 | D:7      | Noticed Duvessa
  6080 | D:7      | Found a sparkling altar of Nemelex Xobeh.
  6096 | D:7      | Killed Duvessa
  6097 | D:7      | Killed Dowan
  6116 | Temple   | Entered the Ecumenical Temple
  6831 | D:8      | Found a shimmering altar of Xom.
  6834 | D:8      | Found a white marble altar of Elyvilon.
  6835 | D:8      | Found a shattered altar of Ashenzari.
  6836 | D:8      | Found a glowing silver altar of Zin.
  6837 | D:8      | Found a glowing golden altar of the Shining One.
  6848 | D:8      | Reached skill level 13 in Maces & Flails
  7108 | D:8      | Reached XP level 10. HP: 42/56 MP: 10/10
  7189 | D:8      | Found a staircase to the Lair.
  7252 | D:8      | Reached skill level 14 in Maces & Flails
  7949 | D:9      | Found a bloodstained altar of Trog.
  8331 | D:9      | Found a staircase to the Orcish Mines.
  8593 | D:9      | Reached skill level 15 in Maces & Flails
  8773 | D:9      | Found a burning altar of Makhleb.
  8778 | D:9      | Became a worshipper of Makhleb the Destroyer
  8881 | D:9      | Found a shadowy altar of Dithmenos.
  8977 | D:10     | Entered Level 10 of the Dungeon
  8977 | D:10     | Found Jaeteo's Food Shoppe.
  9113 | D:9      | Reached XP level 11. HP: 54/60 MP: 11/11
  9711 | Lair:1   | Entered Level 1 of the Lair of Beasts
  9935 | Lair:1   | Reached skill level 16 in Maces & Flails
 10740 | Lair:2   | Reached * piety under Makhleb
 10752 | Lair:2   | Reached skill level 5 in Shields
 11232 | Lair:2   | Found a staircase to the Swamp.
 11714 | Lair:3   | Reached skill level 5 in Armour
 11966 | Lair:3   | Reached skill level 5 in Fighting
 12168 | Lair:3   | Reached XP level 12. HP: 46/68 MP: 12/12
 12361 | Lair:3   | Reached ** piety under Makhleb
 12433 | Lair:3   | Noticed a five-headed hydra
 12446 | Lair:3   | Killed a five-headed hydra
 12503 | Lair:3   | Found a runed translucent gate.
 12504 | Lair:3   | Found a runed translucent gate.
 12505 | Lair:3   | Found a runed translucent gate.
 12623 | Lair:3   | Noticed Peloso's ghost (journeyman MiFi)
 12623 | Lair:3   | Noticed Nefuv's ghost (journeyman MiBe)
 12623 | Lair:3   | Noticed Xiemaice's ghost (journeyman DrFE)
 12711 | Lair:3   | Killed Xiemaice's ghost
 12712 | Lair:3   | Cast into level 2 of the Abyss (Nefuv's ghost)
 12848 | Abyss:2  | Noticed a starcursed mass
 12853 | Lair:3   | Escaped the Abyss
 12862 | Lair:3   | Noticed an entropy weaver
 12864 | Lair:3   | HP: 2/70 [entropy weaver (9)]
 12864 | Lair:3   | Slain by an entropy weaver

Levels and vault maps discovered:
D:1:      dpeg_arrival_refuge, layout_basic, chequers_jeans
D:2:      layout_loops_corners, first_ration
D:3:      layout_loops_corners, okawaru_altar_gauntlet_db, uniq_sigmund,
          uniq_ijyb, uniq_terence
D:4:      layout_basic
D:5:      layout_rooms, overflow_temple_1_default, grunt_temple_overflow_diamond
D:6:      layout_cave_pools
D:7:      layout_loops_ring, nicolae_overflow_crystal_walls,
          nemelex_xobeh_ov_fountains_minmay, minmay_temple_entry_overgrown,
          enter_ossuary_3, uniq_duvessa
D:8:      layout_loops_corners, grunt_temple_overflow_open,
          minmay_lair_entry_grove
D:9:      layout_loops_corners, lightli_temple_of_fire, bloody_trog,
          orc_0_dummy, david_nohive_1, minivault_23, corexii_corridor_pit,
          nrook_mini_backslash, hangedman_decor_riveting,
          hangedman_glass_garden, grunt_dithmenos_smoke_and_mirrors
D:10:     wander_river, layout_cave_pools, serial_shops, shop
Temple:   nicolae_temple_figure_zero
Lair:1:   layout_misc_corridors, grunt_megastairs_1
Lair:2:   layout_roguey, minmay_swamp_entry_swarm, lemuel_fruit_tree,
          serial_bayou_shore_a
Lair:3:   gammafunk_mikee_crab_dinner, layout_long_grid,
          gammafunk_ghost_cemetery

Skill      XL: |  1  2  3  4  5  6  7  8  9 10 11 12 |
---------------+-------------------------------------+-----
Maces & Flails | 3 4 6 7 9 11 13 15 16 | 16.0
Shields        | 7 9 |  9.1
Armour         | 5 6 |  6.3
Fighting       | 5 6 |  6.2

Action                   |  1- 3 |  4- 6 |  7- 9 | 10-12 || total
-------------------------+-------+-------+-------+-------++-------
Melee: Flail             |   134 |   192 |   398 |       ||   724
       Morningstar       |       |       |    54 |   653 ||   707
  Use: Scroll            |       |     1 |    11 |     5 ||    17
       Potion            |       |     1 |       |     9 ||    10
  Eat: Chunk             |     1 |     7 |    13 |    13 ||    34
       Ration            |       |       |       |     2 ||     2
Armor: Scale mail        |    82 |   113 |   162 |   143 ||   500
       Plate armour      |       |       |       |    87 ||    87
Dodge: Dodged            |    60 |    65 |    80 |   120 ||   325
Block: Shield            |    79 |    79 |   224 |   407 ||   789
       Reflection        |       |       |     8 |     4 ||    12
